Map: Emerald City LE

Players

AnafoR

  • Race: Zerg Zerg
  • Spawn Location: 11:00

bmJulietLove

  • Race: Zerg Zerg
  • Spawn Location: 11:00

Massa - Winner!

  • Race: Terran Terran
  • League: Platinum
  • Spawn Location: 5:00

qqq - Winner!

  • Race: Protoss Protoss
  • Spawn Location: 5:00

VOD

Have the link to the VOD?

Description

Time

  • Played on: Nov. 8, 2020, 2:48 p.m.
  • Length: 15:47
Show
View Real Time Build Order
Export as new Build Order

AnafoR Zerg 

Build Orders: Hatch First 

Get SALT Encoding   

  12  0:00  Drone  
  13  0:09  Drone  
  14  0:18  Overlord  
  14  0:40  Drone x3  
  17  0:57  Extractor  
  16  1:08  Drone x2  
  18  1:16  Hatchery  
  17  1:22  Spawning Pool  
  17  1:23  Drone  
  17  1:28  Drone  
  18  1:45  Drone x2  
  20  1:59  Overlord  
  20  2:00  Extractor  
  19  2:09  Metabolic Boost  
  19  2:11  Zergling x2  
  19  2:13  Queen  
  22  2:18  Zergling x2  
  23  2:27  Queen  
  23  2:29  Drone  
  26  2:32  Drone  
  26  2:58  Drone x2  
  28  3:16  Drone x2  
  30  3:21  Drone x2  
  30  3:22  Drone  
  30  3:26  Overlord x2  
  33  3:32  Drone  
  34  3:45  Roach Warren  
  33  3:52  Drone  
  33  3:53  Drone x3  
  37  4:02  Overlord  
  36  4:22  Drone x4  
  40  4:26  Extractor  
  40  4:29  Lair  
  39  4:33  Drone  
  39  4:34  Evolution Chamber  
  39  4:38  Drone x2  
  41  4:39  Drone  
  42  4:54  Hatchery  
  41  5:03  Drone x4  
  45  5:07  Extractor  
  45  5:08  Queen  
  46  5:14  Zerg Missile Weapons Level 1  
  46  5:19  Roach x2  
  46  5:20  Roach x4  
  58  5:27  Drone  
  59  5:29  Drone  
  59  5:31  Overlord x2  
  59  5:32  Overlord  
  60  5:46  Spore Crawler  
  60  5:47  Spore Crawler  
  58  5:54  Roach x7  
  58  5:55  Roach x3  
  78  5:58  Overseer  
  78  6:08  Glial Reconstitution  
  78  6:11  Burrow  
  78  6:18  Drone x7  
  82  6:19  Drone x4  
  89  6:33  Overlord x2  
  89  6:35  Overseer  
  89  6:36  Spore Crawler  
  88  6:50  Queen  
  88  6:53  Drone x2  
  92  6:56  Drone x3  
  92  6:59  Extractor  
  94  7:01  Overlord x3  
  94  7:03  Overseer  
  94  7:11  Spore Crawler  
  94  7:13  Spore Crawler  
  92  7:17  Spore Crawler  
  92  7:19  Spore Crawler  
  92  7:21  Drone x3, Spore Crawler  
  92  7:22  Spine Crawler x2  
  92  7:27  Tunneling Claws  
  92  7:28  Zerg Missile Weapons Level 2  
  90  7:37  Queen  
  90  7:38  Queen  
  90  7:41  Drone x6  
  97  8:08  Drone x3  
  97  8:11  Extractor  
  97  8:12  Spore Crawler  
  96  8:14  Drone x2  
  98  8:27  Infestation Pit  
  98  8:33  Hatchery  
  96  8:38  Roach  
  96  8:39  Roach x8  
  96  8:40  Roach x3  
  106  8:41  Roach x2  
  92  8:49  Extractor  
  92  8:51  Drone  
  92  8:53  Overlord x2  
  92  8:54  Overlord x3  
  92  9:15  Roach x5  
  92  9:16  Roach x5  
  112  9:22  Pathogen Glands  
  112  9:32  Spire  
  112  9:33  Roach x7  
  112  9:34  Roach x3  
  109  9:46  Roach  
  109  9:47  Roach x6  
  111  10:01  Drone  
  110  10:11  Drone x2, Spore Crawler  
  110  10:13  Drone x4, Spore Crawler  
  96  10:28  Spore Crawler  
  96  10:29  Drone x2  
  97  10:41  Spore Crawler  
  96  10:45  Spore Crawler x2  
  94  10:53  Corruptor  
  94  10:54  Corruptor x11  
  118  11:00  Zerg Flyer Weapons Level 1  
  118  11:09  Drone x3  
  118  11:11  Drone x2  
  123  11:20  Spore Crawler  
  123  11:21  Spore Crawler  
  123  11:25  Hive  
  121  11:26  Overlord  
  121  11:35  Roach x13  
  119  12:07  Corruptor  
  119  12:08  Corruptor x12  
  119  12:21  Roach x4  
  119  12:22  Roach  
  127  12:40  Spire  
  126  12:48  Corruptor  
  126  12:49  Corruptor x3  
  124  12:55  Zerg Flyer Armor Level 1  
  84  13:14  Corruptor x7  
  98  13:44  Drone x3  
  101  13:55  Greater Spire  
  101  13:56  Corruptor  
  101  13:57  Corruptor x5  
  101  13:58  Hatchery  
  101  14:02  Extractor  
  111  14:07  Corruptor x3  
  95  14:39  Spore Crawler  
  94  14:50  Corruptor  
  94  14:51  Corruptor x9  
  102  15:16  Drone  
  102  15:19  Drone  
Show
View Real Time Build Order
Export as new Build Order

bmJulietLove Zerg 

Build Orders: Hatch First 

Get SALT Encoding   

  12  0:00  Drone  
  13  0:12  Overlord  
  13  0:17  Drone  
  14  0:31  Drone  
  14  0:32  Drone  
  14  0:34  Drone  
  17  0:53  Hatchery  
  17  0:57  Drone  
  17  1:01  Extractor  
  17  1:02  Drone  
  17  1:18  Spawning Pool  
  16  1:20  Drone  
  17  1:26  Drone  
  17  1:30  Drone  
  19  1:39  Drone  
  20  1:53  Overlord  
  20  2:04  Metabolic Boost  
  20  2:05  Queen  
  22  2:08  Queen  
  24  2:16  Drone x2  
  24  2:18  Drone  
  27  2:34  Drone x4  
  31  2:40  Zergling x2  
  32  2:54  Zergling x4  
  34  3:00  Drone  
  34  3:01  Drone  
  36  3:07  Overlord  
  36  3:27  Drone x3  
  36  3:29  Extractor, Evolution Chamber  
  36  3:31  Lair, Evolution Chamber  
  36  3:33  Pneumatized Carapace  
  36  3:34  Drone x3  
  36  3:35  Drone x2  
  36  3:41  Spine Crawler  
  40  3:45  Spore Crawler  
  40  3:46  Spore Crawler  
  40  3:48  Drone x2  
  40  3:51  Drone  
  40  3:52  Drone  
  42  4:01  Spore Crawler  
  41  4:05  Spore Crawler  
  41  4:06  Drone x2  
  42  4:11  Drone x2  
  42  4:14  Overlord x2  
  42  4:16  Overlord  
  43  4:36  Zerg Melee Weapons Level 1  
  43  4:37  Zerg Ground Armor Level 1  
  43  4:38  Drone  
  43  4:42  Hatchery  
  43  4:45  Overlord x2  
  42  5:03  Extractor, Drone  
  42  5:04  Drone x2  
  42  5:05  Extractor  
  43  5:18  Infestation Pit  
  43  5:19  Drone  
  43  5:22  Drone  
  43  5:23  Drone x2  
  43  5:24  Drone x3  
  49  5:29  Overlord x2  
  49  5:30  Overlord  
  49  5:41  Zergling x2  
  49  5:42  Zergling x6  
  53  5:51  Hatchery  
  53  5:55  Pathogen Glands  
  52  5:57  Hive  
  52  6:02  Drone x9  
  61  6:04  Drone  
  61  6:08  Queen  
  63  6:38  Drone x3  
  63  6:39  Drone x2  
  68  6:42  Extractor  
  68  6:44  Extractor  
  66  6:56  Zerg Melee Weapons Level 2  
  66  6:57  Zerg Ground Armor Level 2  
  66  6:59  Hatchery  
  65  7:14  Overlord x7  
  65  7:38  Spore Crawler x2  
  65  7:40  Drone x3, Spore Crawler  
  65  7:41  Drone, Queen  
  66  7:47  Drone  
  66  7:48  Queen, Spore Crawler  
  66  7:49  Queen  
  71  7:51  Drone x3  
  71  7:52  Drone x3  
  71  7:53  Drone x2  
  71  7:54  Drone  
  73  8:07  Ultralisk Cavern  
  73  8:11  Spore Crawler  
  69  8:13  Spore Crawler  
  69  8:16  Spore Crawler  
  69  8:19  Spore Crawler  
  57  8:21  Spore Crawler  
  57  8:23  Drone x8  
  57  8:24  Drone x4  
  57  8:25  Drone x2  
  57  8:26  Drone  
  73  8:27  Drone x4  
  74  8:34  Zergling x2  
  74  8:35  Zergling x8  
  79  8:54  Infestor x2  
  79  8:55  Ultralisk x2  
  95  8:56  Ultralisk  
  101  9:04  Zergling x14  
  101  9:09  Adrenal Glands  
  106  9:24  Ultralisk x2  
  96  9:48  Ultralisk x2  
  96  9:49  Ultralisk  
  96  9:51  Infestor x3  
  108  10:14  Ultralisk  
  108  10:15  Ultralisk  
  116  10:42  Hatchery  
  108  10:59  Zergling x2  
  108  11:00  Zergling x22  
  96  11:18  Ultralisk  
  96  11:19  Ultralisk x3  
  96  11:20  Overlord x2  
  120  11:37  Overlord x3  
  120  11:38  Queen  
  122  11:49  Ultralisk  
  122  11:50  Zergling x6  
  122  11:51  Zergling x2  
  132  12:06  Zergling x2  
  132  12:07  Zergling x24  
  117  12:39  Ultralisk x4  
  117  12:41  Zergling x16  
  138  13:02  Zergling x12  
  138  13:03  Zergling x24  
  128  13:23  Ultralisk  
  128  13:24  Ultralisk x2  
  134  13:32  Zergling x18  
  143  13:44  Chitinous Plating  
  143  13:53  Spore Crawler  
  143  13:54  Spore Crawler  
  141  13:56  Spore Crawler x2  
  141  14:00  Spore Crawler  
  70  14:47  Ultralisk x5  
  70  14:49  Zergling x14  
  95  15:01  Zergling x12  
Show
View Real Time Build Order
Export as new Build Order

Massa Terran - Winner!

Build Orders:  

Get SALT Encoding   

  12  0:00  SCV  
  13  0:12  SCV  
  14  0:22  Supply Depot  
  14  0:25  SCV  
  15  0:35  Refinery  
  15  0:43  SCV  
  15  0:45  Barracks  
  16  0:55  SCV  
  17  1:08  SCV  
  18  1:20  SCV  
  19  1:32  SCV  
  20  1:37  Reaper  
  21  1:42  Command Center  
  21  1:47  Orbital Command  
  21  2:02  Supply Depot  
  21  2:09  Marine  
  21  2:10  Factory  
  22  2:17  SCV  
  23  2:29  SCV  
  24  2:31  Barracks  
  24  2:33  Barracks Reactor  
  24  2:41  SCV  
  25  3:10  Orbital Command  
  25  3:12  SCV  
  25  3:13  Factory Tech Lab  
  25  3:18  Marine x2  
  27  3:21  Barracks Tech Lab  
  27  3:24  SCV  
  28  3:29  Supply Depot  
  28  3:36  SCV, Marine, Command Center  
  28  3:39  SCV  
  31  3:42  Siege Tank  
  31  3:43  Marine  
  31  3:48  SCV  
  36  3:55  Refinery  
  36  3:59  Refinery  
  36  4:00  Engineering Bay  
  36  4:04  Marine  
  36  4:05  Marauder, Marine  
  40  4:14  Widow Mine  
  42  4:18  SCV x2  
  42  4:22  Marine  
  42  4:23  Marine  
  46  4:30  SCV, Marauder  
  46  4:31  SCV  
  50  4:36  Widow Mine  
  50  4:37  Starport  
  52  4:40  Marine  
  52  4:41  Marine  
  54  4:47  SCV  
  54  4:49  Supply Depot  
  54  4:51  Marauder  
  57  4:53  Missile Turret  
  57  4:58  Marine x2  
  59  5:02  Orbital Command  
  59  5:03  SCV x2  
  61  5:14  Siege Tank  
  64  5:18  Marine x2  
  64  5:20  Marauder  
  68  5:22  Stimpack  
  68  5:29  Barracks  
  68  5:34  Medivac  
  70  5:37  Marine x2  
  70  5:41  SCV x2  
  74  5:51  SCV  
  74  5:53  SCV x2  
  77  6:06  Supply Depot  
  77  6:07  Missile Turret  
  77  6:10  Supply Depot  
  77  6:12  Missile Turret  
  77  6:14  Terran Infantry Weapons Level 1  
  77  6:17  Barracks Tech Lab  
  77  6:21  Refinery  
  77  6:27  SCV x2, Marine x2  
  77  6:28  Marauder  
  83  6:36  Orbital Command  
  83  6:39  SCV  
  85  6:40  SCV  
  85  6:42  Missile Turret  
  85  6:43  Combat Shield  
  85  6:45  Marine  
  85  6:46  Marauder  
  88  6:47  Medivac  
  88  6:49  Marauder  
  88  6:52  SCV  
  93  6:57  Sensor Tower  
  93  7:01  Concussive Shells  
  93  7:02  Missile Turret  
  93  7:09  Supply Depot  
  93  7:11  Supply Depot  
  93  7:15  Supply Depot  
  93  7:18  Supply Depot  
  93  7:21  Supply Depot  
  93  7:25  Supply Depot  
  93  7:26  Armory  
  93  7:27  Starport Reactor  
  93  7:30  SCV x2, Marine, Siege Tank  
  93  7:31  Marauder  
  93  7:32  Marine  
  93  7:33  SCV, Marauder  
  105  7:42  SCV x2  
  107  7:48  Marine  
  108  7:52  Marauder  
  108  7:54  Marauder  
  112  8:05  Siege Tank  
  114  8:09  Terran Infantry Armor Level 1  
  114  8:16  Marauder x2, Marine x2  
  120  8:33  Marine  
  121  8:37  Marauder x2, Siege Tank  
  125  8:50  Marine  
  125  8:51  Marine  
  125  8:55  Refinery  
  127  8:59  Marauder x2  
  131  9:08  Marine  
  131  9:09  Marine, Siege Tank  
  136  9:11  Command Center  
  136  9:20  Marauder  
  97  9:58  Marauder  
  97  9:59  Marauder, Marine x2  
  101  10:17  Marine x2  
  101  10:19  Medivac  
  101  10:20  Marauder x2, Medivac  
  111  10:24  Planetary Fortress  
  111  10:26  SCV x3  
  114  10:33  Command Center  
  114  10:34  Marine  
  114  10:35  Marine  
  116  10:38  SCV x2  
  116  10:40  Engineering Bay  
  116  10:41  Marauder x2  
  122  10:42  Armory  
  122  10:48  Terran Infantry Weapons Level 2, Supply Depot  
  122  10:49  Medivac x2, Supply Depot  
  124  10:51  Siege Tank  
  124  10:52  Marine x2  
  131  10:58  Barracks  
  131  11:00  Barracks  
  131  11:03  Marauder x2  
  135  11:05  Barracks  
  135  11:06  Barracks  
  135  11:11  Supply Depot x2  
  135  11:19  Medivac  
  135  11:22  Marine x2  
  135  11:23  Siege Tank  
  135  11:24  Marauder x2  
  146  11:33  Supply Depot x2  
  146  11:36  Terran Vehicle And Ship Armor Level 1, Terran Vehicle Weapons Level 1  
  146  11:37  Terran Infantry Armor Level 2  
  146  11:39  Marine  
  146  11:40  Marine  
  146  11:45  Marauder  
  146  11:46  Marauder  
  152  11:57  Marine  
  152  12:07  Marauder  
  97  12:39  Barracks Tech Lab, Marauder x2  
  97  12:40  Barracks Tech Lab x2  
  97  12:41  Barracks Reactor, Marine  
  97  12:42  Marine  
  97  12:44  Thor  
  103  12:49  Liberator  
  105  12:59  Marine x2  
  105  13:00  Marauder x2  
  105  13:02  Orbital Command  
  83  13:21  Marauder  
  83  13:27  SCV, Thor  
  85  13:28  SCV x3  
  85  13:33  Refinery  
  95  13:34  Refinery  
  95  13:40  SCV x4, Orbital Command  
  99  13:42  Medivac x2  
  99  13:43  Command Center  
  103  13:57  Sensor Tower  
  103  14:09  Command Center  
  103  14:12  Liberator x2  
  81  14:32  Marauder  
  81  14:33  Marauder x4, Marine x2  
  81  14:35  Thor  
  85  14:50  Orbital Command  
  85  14:51  Marine x2  
  83  14:54  Marauder x5  
  91  15:09  Marine x2  
  93  15:15  SCV x3, Marauder  
  93  15:16  SCV x3, Marauder x4  
  109  15:27  SCV, Marine x2  
Show
View Real Time Build Order
Export as new Build Order

qqq Protoss - Winner!

Build Orders: 1 Gate Expand, Carriers 

Get SALT Encoding   

  12  0:00  Probe  
  13  0:34  Probe  
  13  0:35  Pylon  
  14  0:46  Probe  
  15  0:56  Gateway  
  15  0:58  Probe  
  16  1:21  Probe  
  17  1:29  Nexus  
  17  1:33  Probe  
  18  1:42  Pylon  
  18  1:46  Probe  
  19  1:57  Cybernetics Core  
  19  1:58  Probe  
  20  2:10  Probe  
  21  2:20  Assimilator  
  21  2:22  Probe, Assimilator  
  22  2:23  Forge  
  22  2:37  Pylon  
  22  2:38  Pylon  
  22  2:41  Pylon  
  22  2:46  Probe (Chrono Boost)  
  23  2:54  Probe (Chrono Boost)  
  25  3:03  Probe (Chrono Boost)  
  25  3:04  Probe (Chrono Boost)  
  26  3:09  Probe (Chrono Boost), Photon Cannon  
  26  3:10  Probe (Chrono Boost)  
  28  3:19  Photon Cannon  
  28  3:22  Probe  
  28  3:26  Photon Cannon  
  29  3:40  Shield Battery  
  29  3:46  Photon Cannon  
  29  3:48  Probe x2  
  30  3:56  Stargate  
  30  4:00  Probe, Pylon  
  31  4:05  Assimilator  
  31  4:12  Stargate  
  31  4:26  Probe x2  
  33  4:32  Assimilator  
  33  4:38  Probe  
  33  4:39  Probe  
  33  4:45  Phoenix  
  37  4:50  Probe  
  37  4:51  Probe  
  39  5:01  Phoenix  
  39  5:03  Probe  
  42  5:10  Probe (Chrono Boost), Phoenix  
  42  5:12  Nexus  
  45  5:21  Probe (Chrono Boost)  
  47  5:22  Probe (Chrono Boost)  
  47  5:26  Phoenix  
  47  5:27  Probe (Chrono Boost)  
  50  5:29  Probe (Chrono Boost)  
  50  5:35  Phoenix  
  53  5:37  Probe  
  53  5:40  Probe  
  55  5:50  Protoss Air Weapons Level 1  
  55  5:51  Phoenix  
  57  6:00  Phoenix  
  59  6:12  Fleet Beacon  
  59  6:17  Phoenix  
  61  6:22  Probe x2  
  63  6:27  Assimilator  
  63  6:32  Photon Cannon  
  63  6:34  Probe x2  
  63  6:35  Pylon  
  63  6:38  Probe  
  63  6:39  Assimilator  
  66  6:43  Phoenix  
  66  6:46  Probe x2  
  70  6:50  Probe, Robotics Facility  
  70  6:54  Phoenix  
  73  6:58  Probe x2  
  75  7:02  Probe  
  76  7:10  Probe  
  77  7:22  Carrier  
  81  8:22  Carrier  
  81  8:26  Carrier  
  93  9:00  Stargate  
  93  9:02  Stargate  
  93  9:05  Stargate  
  93  9:11  Nexus  
  93  9:13  Anion Pulse-Crystals  
  93  9:16  Probe x3, Pylon  
  96  9:18  Pylon  
  96  9:21  Pylon  
  96  9:23  Pylon  
  96  9:28  Probe x2, Protoss Air Armor Level 1  
  96  9:29  Probe  
  99  9:32  Pylon  
  99  9:34  Carrier, Pylon  
  99  9:36  Tempest, Pylon  
  99  9:37  Pylon  
  110  9:40  Probe  
  111  9:49  Pylon  
  111  10:14  Tempest, Carrier x2  
  111  10:18  Tempest  
  133  11:03  Probe  
  134  11:15  Probe  
  135  11:23  Photon Cannon  
  135  11:26  Photon Cannon  
  135  11:27  Probe  
  135  11:28  Photon Cannon  
  135  11:29  Photon Cannon  
  135  11:30  Photon Cannon  
  135  11:32  Photon Cannon x2  
  136  11:34  Photon Cannon x2  
  136  11:35  Photon Cannon  
  136  11:36  Pylon  
  136  11:38  Carrier x2  
  136  11:39  Probe, Shield Battery, Protoss Air Weapons Level 2  
  149  11:40  Pylon  
  149  11:41  Assimilator  
  149  11:42  Nexus  
  149  11:43  Tempest  
  149  11:45  Pylon, Assimilator  
  154  11:47  Pylon  
  154  11:49  Photon Cannon, Shield Battery  
  154  11:51  Probe  
  154  11:52  Shield Battery  
  154  11:53  Shield Battery  
  155  11:55  Photon Cannon  
  155  11:57  Photon Cannon  
  147  12:12  Probe  
  147  12:23  Probe  
  147  12:24  Probe  
  149  12:35  Probe  
  149  12:36  Probe  
  147  12:47  Probe  
  147  12:48  Probe  
  144  12:53  Carrier  
  144  12:54  Carrier x4  
  174  12:59  Probe  
  174  13:00  Probe  
  170  13:11  Probe  
  159  13:23  Probe x2  
  159  13:25  Pylon  
  159  13:26  Pylon  
  161  13:29  Pylon  
  161  13:31  Pylon  
  161  13:34  Photon Cannon  
  161  13:35  Probe x2, Shield Battery  
  161  13:36  Shield Battery  
  161  13:37  Photon Cannon  
  161  13:41  Photon Cannon  
  163  13:42  Pylon  
  163  13:47  Probe x2  
  166  13:48  Observer  
  166  13:58  Carrier  
  166  13:59  Probe  
  174  14:10  Observer  
  174  14:11  Probe  
  175  14:23  Probe  
  170  14:31  Observer  
  170  14:40  Carrier x3  
  170  14:41  Probe, Carrier  
  195  14:54  Probe  
  196  15:06  Probe  
  195  15:18  Probe  
Tags
 
Add a new tag
Caveats
  • Supply blocks, unpowered buildings, or Contaminate may cause inaccurate times.
  • Supply counts are checked every 10 seconds.